 Dungeon Crawl Stone Soup version 0.24.0-5-g267a8d59f4 (webtiles) character file.

Game seed: 16621905500534156413, levelgen mode: classic

106280 EnegeticOcto the Unseen (level 15, -32/120 HPs)
             Began as a Vampire Warper on Nov 1, 2019.
             Was the Champion of Wu Jian.
             Annihilated by a very large slime creature (55 damage)
             ... on level 1 of the Swamp.
             The game lasted 00:56:02 (34122 turns).

EnegeticOcto the Unseen (Vampire Warper)           Turns: 34122, Time: 00:56:02

Health: -32/120    AC: 13    Str: 12      XL:     15   Next: 97%
Magic:  14/18      EV: 19    Int: 15 (23) God:    Wu Jian [******]
Gold:   1377       SH: 11    Dex: 18      Spells: 9/18 levels left

rFire    . . .     SeeInvis +   W - +3 rapier (venom)
rCold    + + +     Gourm    .   Y - +0 shield
rNeg     . . .     Faith    .   f - +4 skin of Zhor {Hibernate rC+++ SInv}
rPois    .         Spirit   .   D - +0 hat {Int+3}
rElec    .         Reflect  .   a - +1 cloak {MR+}
rCorr    .         Harm     .   m - +0 pair of gloves
MR       +++..                  H - +1 pair of boots
Stlth    +++.......             R - amulet of rage
HPRegen  0.50/turn              c - +4 ring of dexterity
MPRegen  0.16/turn              A - ring of protection from magic

@: regenerating quickly, studying Armour, very slow
A: no food, fangs 3, see invisible, unbreathing
a: Exsanguinate, Wall Jump, Serpent's Lash, Heavenly Storm, Renounce Religion,
Evoke Berserk Rage


You were on level 1 of the Swamp.
You worshipped Wu Jian.
Wu Jian was exalted by your worship.
You were alive.

You visited 5 branches of the dungeon, and saw 25 of its levels.
You also visited: Bailey.

You collected 2617 gold pieces.
You spent 1240 gold pieces at shops.

Inventory:

Hand Weapons
 Q - a +0 dagger of distortion
 W - a +3 rapier of venom (weapon)
Missiles
 r - 2 throwing nets (quivered) {!f}
Armour
 a - a +1 cloak of magic resistance (worn)
 f - the +4 skin of Zhor (worn) {Hibernate rC+++ SInv}
   (You bought it in a shop on level 14 of the Dungeon)

   It renders you almost immune to cold.
   It lets you see invisible.
 l - the +4 large shield of Generosity {MP-9 Int+4}
   (You found it on level 5 of the Lair of Beasts)

   It affects your intelligence (+4).
   It affects your magic capacity (-9).
 m - a +0 pair of gloves (worn)
 D - a +0 hat of intelligence (worn)
 H - a +1 pair of boots (worn)
 Y - a +0 shield (worn)
Jewellery
 c - a +4 ring of dexterity (left hand)
 v - an uncursed ring of resist corrosion
 A - a ring of protection from magic (right hand)
 L - an uncursed ring of protection from fire
 R - an amulet of rage (around neck)
Wands
 b - a wand of enslavement (8)
 B - a wand of flame (20)
 F - a wand of iceblast (12)
 J - a wand of polymorph (21)
 K - a wand of disintegration (9)
 O - a wand of digging (8)
 P - a wand of paralysis (17)
 S - a wand of acid (14)
Scrolls
 d - 7 scrolls of blinking {@r4}
 g - a scroll of torment
 h - 4 scrolls of amnesia
 i - 2 scrolls of magic mapping {@r5 !r}
 j - 9 scrolls of teleportation {@r3 !r}
 s - 9 scrolls of remove curse {@r2}
 y - 3 scrolls of enchant weapon
 z - 2 scrolls of fear {!r}
 C - 3 scrolls of fog {!r}
 I - a scroll of identify {@r1}
 M - 8 scrolls of enchant armour
 U - 2 scrolls of immolation
 Z - 3 scrolls of vulnerability
Potions
 k - 8 potions of flight
 n - 5 potions of resistance
 o - 12 potions of curing {@q1 !q}
 p - 7 potions of heal wounds {@q2 !q}
 q - a potion of invisibility
 t - 4 potions of lignification {@q6}
 w - 4 potions of haste {@q4 !q}
 x - 8 potions of cancellation
 E - a potion of might {@q3 !q}
 G - 4 potions of brilliance
 T - 3 potions of magic
 V - 3 potions of mutation
 X - a potion of agility {@q5 !q}
Books
 u - a manual of Armour
Miscellaneous
 e - a sack of spiders


   Skills:
 + Level 11.7 Fighting
 + Level 11.1 Short Blades
 - Level 0.7 Throwing
 + Level 8.8 Armour
 - Level 10.6 Dodging
 - Level 15.0 Stealth
 * Level 9.7 Shields
 - Level 2.0 Spellcasting
 - Level 13.0 Hexes
 + Level 8.4 Summonings
 - Level 2.4 Translocations
 + Level 8.4 Air Magic
 - Level 5.0 Evocations


You had 9 spell levels left.
You knew the following spells:

 Your Spells              Type           Power        Failure   Level  Hunger
a - Summon Lightning Spi  Summ/Air       ####....     14%         4    N/A
b - Ensorcelled Hibernat  Hex/Ice        ###...       4%          2    N/A
c - Confusing Touch       Hex            #####.       1%          1    N/A
Y - Blink                 Tloc           N/A          26%         2    N/A

Your spell library contained the following spells:

 Spells                   Type           Power        Failure   Level  Hunger
 Corona                   Hex            #####..      1%          1    N/A
 Summon Small Mammal      Summ           ####         1%          1    N/A
 Call Imp                 Summ           ####....     1%          2    N/A
 Slow                     Hex            #####...     1%          2    N/A
 Confuse                  Hex            #####...     1%          3    N/A
 Summon Guardian Golem    Hex/Summ       ####....     1%          3    N/A
 Cause Fear               Hex            #####.....   1%          4    N/A
 Call Canine Familiar     Summ           ####....     4%          3    N/A
 Portal Projectile        Hex/Tloc       ###...       5%          3    N/A
 Inner Flame              Hex/Fire       ###.....     9%          3    N/A
 Poisonous Vapours        Pois/Air       ##....       12%         2    N/A
 Silence                  Hex/Air        ####......   16%         5    N/A
 Leda's Liquefaction      Hex/Erth       ###.......   30%         4    N/A
 Darkness                 Hex            #####.....   32%         6    N/A
 Shroud of Golubria       Chrm/Tloc      #.....       38%         2    N/A
 Mephitic Cloud           Conj/Pois/Air  #.......     38%         3    N/A
 Flame Tongue             Conj/Fire      #....        41%         1    N/A
 Freeze                   Ice            #...         41%         1    N/A
 Gell's Gravitas          Tloc           #.........   45%         3    N/A
 Lesser Beckoning         Tloc           #.........   45%         3    N/A
 Teleport Other           Tloc           #.......     45%         3    N/A
 Throw Flame              Conj/Fire      #.....       54%         2    N/A
 Throw Frost              Conj/Ice       #.....       54%         2    N/A
 Summon Ice Beast         Ice/Summ       ##......     61%         4    N/A
 Metabolic Englaciation   Hex/Ice        ###.......   63%         5    N/A
 Yara's Violent Unravell  Hex/Tmut       ###.......   63%         5    N/A
 Conjure Flame            Conj/Fire      #.......     78%         3    N/A
 Ozocubu's Armour         Chrm/Ice       #.......     78%         3    N/A
 Passage of Golubria      Tloc           N/A          86%         4    N/A
 Shadow Creatures         Summ           N/A          91%         6    N/A
 Petrify                  Tmut/Erth      #.......     99%         4    N/A
 Sticky Flame             Conj/Fire      #.......     99%         4    N/A
 Throw Icicle             Conj/Ice       #.......     99%         4    N/A
 Bolt of Magma            Conj/Fire/Erth #.........   100%        5    N/A
 Borgnjor's Vile Clutch   Necr/Erth      #.........   100%        5    N/A
 Fireball                 Conj/Fire      #.........   100%        5    N/A
 Freezing Cloud           Conj/Ice/Air   #.........   100%        6    N/A
 Iron Shot                Conj/Erth      #.........   100%        6    N/A
 Statue Form              Tmut/Erth      #........    100%        6    N/A
 Ring of Flames           Chrm/Fire      #.........   100%        7    N/A
 Shatter                  Erth           #.........   100%        9    N/A

Dungeon Overview and Level Annotations

Branches:
Dungeon (15/15)            Temple (1/1) D:6            Lair (6/6) D:10
  Swamp (1/4) Lair:2       Spider (0/4) Lair:2        Slime (0/5) Lair:5
    Orc (2/2) D:10            Elf (0/3) Orc:2        Vaults (0/5) D:13
 Depths (0/5) D:15         Bailey (visited)

Altars:
Gozag
Hepliaklqana
Kikubaaqudgha
Nemelex Xobeh
Okawaru
Qazlal
Trog
Wu Jian
Xom
Jiyva

Shops:
D:10 :   D:13 :   D:14 ?[[[   Orc:2 *(:=

Annotations:
D:15 exclusion: fire giant
Lair:1 Setanta's ghost, journeyman GnFi
Lair:5 exclusion: 2 downstairs
Orc:1 3 runed translucent doors, DevastatorOne's ghost, journeyman MiBe; TheWoodenMan's ghost, journeyman MiGl


Innate Abilities, Weirdness & Mutations

You do not eat.
Your natural rate of healing is unusually fast.
You have razor-sharp teeth.
You have supernaturally acute eyesight. (SInv)
You can survive without breathing.


Message History

The very large slime creature looks drowsy...
The large slime creature misses you.
A very large slime creature splits.
You block the large slime creature's attack.
The large slime creature hits you but does no damage.
The helpless large slime creature fails to defend itself.
You skewer the large slime creature like a kebab!!!!
The large slime creature is almost dead.
The large slime creature hits you! The large slime creature misses you.
You hit the large slime creature but do no damage.
The large slime creature is almost dead.
You block the slime creature's attack.
The large slime creature completely misses you.
The large slime creature misses you.
You hit the large slime creature.
The large slime creature is almost dead.
You block the large slime creature's attack.
The large slime creature completely misses you.
The large slime creature barely misses you.
You block the slime creature's attack.
A large slime creature splits.
You hit the large slime creature.
The large slime creature is almost dead.
The large slime creature hits you.
You block the large slime creature's attack.
You hit the large slime creature.
The large slime creature is poisoned.
The large slime creature is almost dead.
The slime creature misses you. The slime creature hits you.
The large slime creature misses you.
The slime creature completely misses you.
You block the large slime creature's attack. x2
You puncture the large slime creature!
You kill the large slime creature!
The Council accepts your kill.
The slime creature completely misses you.
A large slime creature splits.
The slime creature hits you. You block the slime creature's attack.
You puncture the slime creature!
The slime creature looks as sick as possible!
The slime creature is lightly wounded.
The large slime creature closely misses you.
The slime creature closely misses you. The slime creature barely misses you.
The slime creature closely misses you.
You puncture the slime creature!
The slime creature is moderately wounded.
You radiate an aura of cold.
The slime creature resists.
The slime creature seems to slow down.
The slime creature resists. x2
The large slime creature seems to slow down.
The slime creature seems to slow down.
The slime creature barely misses you. The slime creature hits you!!
You block the large slime creature's attack.
You hit the slime creature. You bite the slime creature.
The slime creature is heavily wounded.
The slime creature hits you but does no damage.
The slime creature closely misses you. You block the slime creature's attack.
The slime creature misses you.
You puncture the slime creature!
The slime creature is severely wounded.
The slime creature hits you but does no damage.
The slime creature hits you. The slime creature hits you!
You hit the slime creature.
The slime creature is severely wounded.
The slime creature closely misses you.
The large slime creature completely misses you.
You hit the slime creature but do no damage.
The slime creature is severely wounded.
The slime creature closely misses you. The slime creature misses you.
The slime creature hits you! You block the slime creature's attack.
The slime creature hits you!
You barely miss the slime creature.
The slime creature is severely wounded.
You radiate an aura of cold.
The slime creature seems to slow down.
The slime creature resists.
The slime creature seems to slow down. x2
The large slime creature resists.
The slime creature seems to slow down.
You block the large slime creature's attack.
You enter the shallow water.
Moving in this stuff is going to be slow.
You spin and attack the slime creature repeatedly.
You hit the slime creature but do no damage.
The slime creature is poisoned.
You hit the slime creature.
The slime creature is lightly wounded.
You spin and attack the slime creature repeatedly.
You puncture the slime creature!
The slime creature is poisoned.
The slime creature is lightly wounded.
You puncture the slime creature!
The slime creature looks as sick as possible!
You bite the slime creature.
The slime creature is moderately wounded.
The slime creature is no longer moving slowly.
The large slime creature is no longer moving slowly.
The slime creature hits you!
* * * LOW HITPOINT WARNING * * *
Two slime creatures merge to form a large slime creature.
The slime creature hits you!
* * * LOW HITPOINT WARNING * * *
Two slime creatures merge to form a very large slime creature.
You radiate an aura of cold.
The large slime creature seems to slow down.
The slime creature seems to slow down. x2
The very large slime creature seems to slow down.
The very large slime creature hits you!!!
You die...

≈....≈♣ ♣♣..≈...♣≈≈.≈♣
..≈≈.≈♣♣♣§.......(≈.♣♣
..≈≈≈.≈≈..≈≈.....≈♣♣♣
≈≈≈≈.≈...≈≈≈≈.≈≈.♣♣
≈≈≈≈...≈≈≈≈≈≈≈≈≈.♣
≈≈≈≈≈..≈≈≈≈≈.≈≈≈♣♣
....†....≈≈≈<..J♣♣♣
......♣♣.§≈≈..JJ≈≈♣
≈.≈≈...♣≈≈≈≈≈..J@≈♣
.≈.≈.♣...≈≈≈≈...).♣
.♣♣♣....§≈≈≈≈≈..♣♣♣ .♣
♣♣.....≈≈≈≈≈.♣ ...
♣♣.≈≈..≈≈≈≈≈.♣ .≈.≈
♣.§≈≈.≈≈≈...≈ ≈≈.≈
...........≈. ≈.....≈


You could see a very large slime creature, a large slime creature and 2 slime
creatures.

Vanquished Creatures
  Gastronok (D:8)
  Donald (Orc:2)
  An orc warlord (Orc:1)
  A very ugly thing (D:8)
  An ironheart preserver (D:13)
  2 entropy weavers (Lair:4)
  Nessos (D:14)
  Snorg (Orc:2)
  The ghost of Ciovowug the Fighter, a journeyman DrTm of Ashenzari (Lair:2)
  Fannar (D:10)
  A rakshasa (D:13)
  5 hydras
  Erolcha (Orc:2)
  A catoblepas (Lair:3)
  Erica (D:9)
  4 centaur warriors
  9 two-headed ogres
  An alligator (Swamp:1)
  An ogre mage (D:14)
  3 orc high priests (Orc:2)
  A queen ant (Lair:4)
  The ghost of Folque011 the Destroyer, a novice DgCj (D:9)
  5 death yaks
  An unseen horror (D:15)
  A glowing orange brain (D:9)
  A swamp dragon (Swamp:1)
  Pikel (D:7)
  6 orc knights
  12 ugly things
  3 deep elf magi
  6 orc sorcerers
  2 manticores (D:13)
  6 cyclopes
  4 slime creatures
  8 black mambas
  2 centaur zombies (D:14)
  12 elephants
  Psyche (D:11)
  3 gargoyles
  A centaur skeleton (D:15)
  16 spiny frogs
  2 rime drakes
  4 komodo dragons
  A jumping spider (Lair:2)
  2 queen bees
  5 hornets
  3 polar bears
  A meliai (Lair:2)
  A tyrant leech (Lair:5)
  3 trolls
  21 blink frogs
  Prince Ribbit (D:8)
  5 bog bodies
  11 hippogriffs
  A vampire (D:12)
  Sigmund (D:3)
  A redback (Lair:2)
  2 shadows (D:13)
  4 spriggans (Lair:1)
  A wraith (D:14)
  18 yaks
  5 wyverns
  7 basilisks
  Grum (D:8)
  2 steam dragons
  8 vampire mosquitoes
  A human (shapeshifter) (D:9)
  2 hungry ghosts
  2 neqoxecs (D:9)
  2 swamp worms (Lair:2)
  4 wargs
  An acid dragon (D:14)
  9 water moccasins
  26 soldier ants
  A soldier ant (shapeshifter) (D:9)
  29 orc warriors
  8 porcupines
  5 ice beasts
  A swamp drake (Swamp:1)
  3 sky beasts
  A slave (D:7)
  A black bear (shapeshifter) (D:9)
  An eye of draining (D:9)
  2 black bears
  17 ogres
  2 phantoms
  44 wolves
  11 centaurs
  10 crocodiles
  A big kobold (D:11)
  A big kobold (shapeshifter) (D:9)
  Blork the orc (D:5)
  23 bullfrogs
  A wyvern zombie (D:13)
  43 killer bees
  A killer bee (shapeshifter) (D:9)
  10 wights
  A howler monkey (D:10)
  An electric eel (Lair:2)
  8 crimson imps
  A quasit (D:13)
  7 jellies
  2 bullfrog zombies
  3 bullfrog skeletons
  3 hounds
  23 orc priests
  29 orc wizards
  Jessica (D:2)
  Terence (D:3)
  Ijyb (D:5)
  5 iguanas
  24 worker ants
  2 hound zombies
  A human simulacrum (D:9)
  A howler monkey zombie (D:7)
  A hound skeleton (D:5)
  A worker ant zombie (D:7)
  21 adders
  13 gnolls (Bailey)
  2 shadow imps (D:14)
  2 adder zombies
  An adder skeleton (D:9)
  3 worms
  3 dart slugs
  4 leopard geckos
  78 orcs
  2 ball pythons (D:3)
  12 giant cockroaches
  5 goblins
  16 hobgoblins
  10 jackals
  11 quokkas
  A ball python zombie (D:5)
  10 bats
  2 frilled lizards
  29 kobolds
  A quokka zombie (D:7)
  5 rats
853 creatures vanquished.

Vanquished Creatures (collateral kills)
  A basilisk (Lair:6)
1 creature vanquished.

Vanquished Creatures (others)
  3 slaves (D:8)
  A bullfrog (D:9)
  A killer bee (D:8)
  A crimson imp (D:8)
  An orc priest (Orc:2)
  A human simulacrum (D:9)
  An adder skeleton (D:9)
  3 bushes
  17 fungi
  32 plants
61 creatures vanquished.

Grand Total: 915 creatures vanquished

Notes
Turn   | Place    | Note
-------+----------+-------------------------------------------
     0 | D:1      | EnegeticOcto the Vampire Warper began the quest for the
                  | Orb.
     0 | D:1      | Reached XP level 1. HP: 16/16 MP: 3/3
   206 | D:1      | Reached skill level 1 in Stealth
   256 | D:1      | Reached XP level 2. HP: 22/22 MP: 5/5
   863 | D:2      | Noticed Jessica
   871 | D:2      | Killed Jessica
   871 | D:2      | Reached skill level 2 in Stealth
   871 | D:2      | Reached XP level 3. HP: 28/28 MP: 6/6
   942 | D:2      | Reached XP level 4. HP: 26/34 MP: 7/7
  1075 | D:2      | Found a faded altar of an unknown god.
  1345 | D:2      | Learned a level 2 spell: Blink
  1406 | D:3      | Reached skill level 3 in Stealth
  1698 | D:3      | Noticed Terence
  1723 | D:3      | Killed Terence
  1723 | D:3      | Reached XP level 5. HP: 24/40 MP: 8/8
  1741 | D:3      | Reached skill level 4 in Stealth
  1823 | D:3      | Noticed Sigmund
  1913 | D:3      | Killed Sigmund
  1913 | D:3      | Reached XP level 6. HP: 41/47 MP: 9/9
  2318 | D:3      | Found a sparkling altar of Nemelex Xobeh.
  2475 | D:4      | Reached skill level 5 in Stealth
  2566 | D:4      | Noticed an ice beast
  2610 | D:4      | Killed an ice beast
  2610 | D:4      | Reached XP level 7. HP: 31/53 MP: 10/10
  3081 | D:4      | Reached skill level 6 in Stealth
  3100 | D:5      | Entered Level 5 of the Dungeon
  3246 | D:5      | Noticed Ijyb
  3251 | D:5      | Killed Ijyb
  3331 | D:5      | Reached skill level 5 in Short Blades
  3331 | D:5      | Reached skill level 5 in Dodging
  3482 | D:5      | Noticed Blork the orc
  3486 | D:5      | Killed Blork the orc
  3486 | D:5      | Reached skill level 1 in Shields
  3878 | D:5      | Reached XP level 8. HP: 61/61 MP: 11/11
  3899 | D:5      | Reached skill level 7 in Stealth
  4311 | D:6      | Learned a level 4 spell: Summon Lightning Spire
  4478 | D:6      | Reached skill level 5 in Fighting
  4533 | D:6      | Reached skill level 8 in Stealth
  5147 | D:6      | Reached XP level 9. HP: 46/68 MP: 12/12
  5300 | D:6      | Found a staircase to the Ecumenical Temple.
  5406 | Temple   | Entered the Ecumenical Temple
  5487 | Temple   | Became a worshipper of the Wu Jian Council
  5583 | D:7      | Got an ebony trident
  5861 | D:7      | Reached skill level 9 in Stealth
  6477 | D:7      | Reached * piety under Wu Jian
  7003 | D:8      | Reached skill level 10 in Stealth
  7003 | D:8      | Noticed Grum
  7003 | D:8      | Noticed Pikel
  7118 | D:7      | Killed Pikel
  7118 | D:7      | Reached XP level 10. HP: 50/77 MP: 13/13
  7215 | D:8      | Killed Grum
  7584 | D:8      | Found a shimmering altar of Xom.
  7622 | D:8      | Noticed a green ugly thing
  7643 | D:8      | Killed a green ugly thing
  7643 | D:8      | Reached skill level 11 in Stealth
  7711 | D:8      | Found a sparkling altar of Nemelex Xobeh.
  7835 | D:8      | Noticed Gastronok
  7903 | D:8      | Killed Gastronok
  7903 | D:8      | Reached skill level 12 in Stealth
  8031 | D:8      | Found a runed translucent door.
  8032 | D:8      | Found a runed translucent door.
  8117 | D:8      | Noticed a two-headed ogre
  8223 | D:8      | Killed a two-headed ogre
  8344 | D:8      | Noticed Prince Ribbit
  8367 | D:8      | Killed Prince Ribbit
  8367 | D:8      | Reached XP level 11. HP: 62/85 MP: 14/14
  8613 | D:8      | Reached ** piety under Wu Jian
  8888 | D:9      | Noticed a two-headed ogre
  8910 | D:9      | Killed a two-headed ogre
  9063 | D:9      | Found a runed translucent gate.
  9064 | D:9      | Found a runed translucent gate.
  9064 | D:9      | Found a runed translucent gate.
  9065 | D:9      | Noticed a brown ugly thing
  9066 | D:9      | Noticed a white ugly thing
  9066 | D:9      | Noticed a brown ugly thing
  9066 | D:9      | Noticed a green ugly thing
  9066 | D:9      | Noticed a cyan very ugly thing
  9066 | D:9      | Noticed a red ugly thing
  9067 | D:9      | Noticed a green ugly thing
  9067 | D:9      | Noticed a glowing orange brain
  9114 | D:9      | Noticed Erica
  9129 | D:9      | Killed Erica
  9776 | D:9      | Learned a level 2 spell: Ensorcelled Hibernation
  9805 | D:10     | Entered Level 10 of the Dungeon
  9808 | D:10     | Found a staircase to the Orcish Mines.
 10068 | D:10     | Found Amidaaf's Book Shoppe.
 10101 | D:10     | Reached skill level 13 in Stealth
 10101 | D:10     | Reached skill level 1 in Hexes
 10550 | D:10     | Noticed Fannar
 10673 | D:10     | Reached skill level 10 in Dodging
 10731 | D:10     | Reached *** piety under Wu Jian
 10738 | D:10     | Reached skill level 10 in Short Blades
 10822 | D:10     | Found a staircase to the Lair.
 11357 | D:11     | Found a hazy altar of Hepliaklqana.
 11364 | D:11     | Noticed Psyche
 11367 | D:11     | Killed Psyche
 11776 | D:11     | Noticed a centaur warrior
 11789 | D:11     | Killed a centaur warrior
 11797 | D:11     | Reached skill level 5 in Hexes
 12118 | Lair:1   | Entered Level 1 of the Lair of Beasts
 12211 | Lair:1   | Reached **** piety under Wu Jian
 12220 | Lair:1   | Reached skill level 14 in Stealth
 12285 | Lair:1   | Reached XP level 12. HP: 53/95 MP: 6/15
 12642 | Lair:1   | Reached skill level 1 in Summonings
 12642 | Lair:1   | Reached skill level 1 in Air Magic
 13076 | Lair:1   | Found a runed translucent door.
 13077 | Lair:1   | Noticed Setanta's ghost (journeyman GnFi)
 13077 | Lair:1   | Identified the +5 spear of Inconvenience {elec, rElec
                  | Str+4}
 13896 | Lair:2   | Learned a level 1 spell: Confusing Touch
 14194 | Lair:2   | Found a transporter.
 14195 | Lair:2   | Found a transporter.
 14297 | Lair:2   | Noticed Ciovowug's ghost (journeyman DrTm)
 14785 | Lair:2   | Found a staircase to the Swamp.
 14886 | Lair:2   | Reached skill level 15 in Stealth
 15082 | Lair:2   | Found a hole to the Spider Nest.
 15516 | Lair:2   | Killed Ciovowug's ghost
 15735 | Lair:1   | Reached skill level 5 in Shields
 15749 | Lair:1   | Reached skill level 1 in Armour
 15880 | Lair:1   | Got a coiled golden ring
 15882 | Lair:1   | Identified the ring of Cowardice {Ice rN+} (You found it on
                  | level 1 of the Lair of Beasts)
 16027 | Lair:3   | Noticed a seven-headed hydra
 16028 | Lair:3   | Killed a seven-headed hydra
 16077 | Lair:3   | Reached XP level 13. HP: 81/103 MP: 16/16
 16252 | Lair:3   | Reached ***** piety under Wu Jian
 16418 | Lair:3   | Reached skill level 10 in Fighting
 17716 | Lair:4   | Reached skill level 1 in Evocations
 17873 | Lair:4   | Reached skill level 5 in Summonings
 18072 | Lair:4   | Reached skill level 5 in Air Magic
 19121 | Lair:4   | Noticed an entropy weaver
 19124 | Lair:4   | Killed an entropy weaver
 19125 | Lair:4   | Noticed an entropy weaver
 19230 | Lair:4   | Killed an entropy weaver
 19339 | Lair:4   | Reached skill level 10 in Hexes
 19719 | Lair:5   | Found a viscous altar of Jiyva.
 19720 | Lair:5   | Found a staircase to the Slime Pits.
 19845 | Lair:5   | Found an ancient bone altar of Kikubaaqudgha.
 20726 | Lair:6   | Entered Level 6 of the Lair of Beasts
 21055 | Lair:5   | Reached skill level 5 in Armour
 21164 | Lair:5   | Reached ****** piety under Wu Jian
 21168 | Lair:5   | Reached XP level 14. HP: 49/111 MP: 11/17
 22082 | Lair:6   | Reached skill level 5 in Evocations
 22828 | Orc:1    | Entered Level 1 of the Orcish Mines
 23043 | Orc:1    | Found a flagged portal.
 23096 | Bailey   | Entered a bailey
 23914 | Orc:1    | Found a runed translucent gate.
 23914 | Orc:1    | Found a runed translucent gate.
 23915 | Orc:1    | Found a runed translucent gate.
 23919 | Orc:1    | Noticed TheWoodenMan's ghost (journeyman MiGl)
 23919 | Orc:1    | Noticed DevastatorOne's ghost (journeyman MiBe)
 23931 | Orc:1    | Noticed an orc warlord
 24202 | Lair:5   | Got a jewelled large shield
 24213 | Lair:5   | Identified the +4 large shield of Generosity {MP-9 Int+4}
                  | (You found it on level 5 of the Lair of Beasts)
 25523 | D:12     | Identified a scroll of acquirement
 26466 | D:13     | Found Fiarux's Book Emporium.
 26609 | D:13     | Noticed an ironheart preserver
 26622 | D:13     | Killed an ironheart preserver
 26801 | D:13     | Found a gate to the Vaults.
 27039 | D:13     | Reached XP level 15. HP: 92/118 MP: 15/18
 27512 | D:14     | Found Koicra's Magic Scroll Shop.
 27538 | D:14     | Bought a scroll of fog for 26 gold pieces
 27875 | D:14     | Found Qieshrygum's Armour Shop.
 27894 | D:14     | Noticed Nessos
 27913 | D:14     | Killed Nessos
 28210 | D:14     | Found Raaf's Armour Shop.
 28212 | D:14     | Bought the +4 skin of Zhor {Hibernate rC+++ SInv} for 997
                  | gold pieces
 28212 | D:14     | Found the +4 skin of Zhor {Hibernate rC+++ SInv}
 28377 | D:14     | Found Gotaysi Tah's Antique Armour Shop.
 28384 | D:14     | Bought a runed cloak for 217 gold pieces
 28967 | D:15     | Entered Level 15 of the Dungeon
 29226 | D:15     | Found a staircase to the Depths.
 29226 | D:15     | Noticed a fire giant
 29897 | D:10     | Killed Fannar
 30095 | Orc:1    | Killed an orc warlord
 30491 | Orc:2    | Entered Level 2 of the Orcish Mines
 30494 | Orc:2    | Noticed Erolcha
 30515 | Orc:2    | Killed Erolcha
 30686 | Orc:2    | Noticed Donald
 30687 | Orc:2    | Noticed Snorg
 30688 | Orc:2    | Killed Donald
 30948 | Orc:2    | Found a staircase to the Elven Halls.
 31078 | Orc:2    | Killed Snorg
 31291 | Orc:2    | Found Toecsuem's Jewellery Emporium.
 32213 | Orc:2    | Found Avvoemp's Book Boutique.
 32219 | Orc:2    | Found Senled's Weapon Boutique.
 32221 | Orc:2    | Found Oxtelu's Assorted Antiques.
 32494 | Swamp:1  | Entered Level 1 of the Swamp
 33530 | D:9      | Found a runed translucent gate.
 33530 | D:9      | Found a runed translucent gate.
 33533 | D:9      | Found a runed translucent gate.
 33537 | D:9      | Noticed Folque011's ghost (novice DgCj)
 33619 | D:9      | Killed Folque011's ghost
 34122 | Swamp:1  | Annihilated by a very large slime creature

Levels and vault maps discovered:
D:1:      saegor_arrival_simple_e, layout_rooms, chequers_serial_rivers_large_a,
          chequers_mini_garden
D:2:      layout_loops_ring, chequers_ecumenical_altar_simple_redux,
          minmay_tromino_i2, uniq_jessica
D:3:      layout_basic, lemuel_crystal_altar, uniq_terence, uniq_sigmund
D:4:      layout_basic, first_ration
D:5:      layout_loops_corners, uniq_blork_the_orc, uniq_ijyb
D:6:      layout_rooms, minmay_temple_entry_enclosed_plants,
          lemuel_another_geyser
D:7:      layout_basic
D:8:      lemuel_insect_pit, layout_loops_ring, basic_altar,
          nemelex_diamond_rough_becter, uniq_grum, uniq_pikel, uniq_gastronok,
          uniq_prince_ribbit1
D:9:      layout_gridville, ploomutoo_gammafunk_ghost_potion_laboratory,
          grunt_pizzeria, bh_circular_ruins, uniq_erica
D:10:     layout_irregular_city, erik_lair_dragon, david_orc_2, serial_shops,
          nicolae_shop_trees, uniq_fannar
D:11:     layout_gridville, basic_altar, uniq_psyche
D:12:     layout_cave_pods
D:13:     layout_layer_cave, skrybe_vaults_entry_preservation, serial_shops,
          shop
D:14:     layout_loops_cross, serial_shops, shop, shop, nicolae_shop_stone,
          shop, uniq_nessos
D:15:     grunt_enter_depths_giant_problem, layout_irregular_city,
          nicolae_two_hexagons
Temple:   roderic_octagonal_lattice_temple
Lair:1:   layout_chaotic_city, ebering_ghost_funeral_grove,
          grunt_forest_large_clearings
Lair:2:   layout_gridlike, nicolae_swamp_entry_splash_gauntlet,
          spider_nest_entry_funnel_web, gammafunk_ghost_hive,
          infiniplex_staircase_pool
Lair:3:   layout_gridlike, serial_bayou_pond_e, beast_lair_carwin_8,
          grunt_megastairs_3
Lair:4:   layout_hall_layers, minivault_29
Lair:5:   layout_gridlike, slime_altar_1, lemuel_altar_in_water2,
          grunt_megastairs_5, serial_bayou_shore_b, lemuel_fruit_tree
Lair:6:   minmay_lair_end_frog_pond, layout_regular_city
Swamp:1:  cheibrodos_swamp_monstrosity, layout_basic_swamp,
          hangedman_swamp_lotus, uniq_louise
Orc:1:    layout_diamond_mine, enter_bailey_8, special_room [special_room_bee],
          gammafunk_ghost_cemetery
Orc:2:    st_orc_elflike, layout_diamond_mine, uniq_snorg, uniq_donald,
          uniq_erolcha

Skill      XL: |  1  2  3  4  5  6  7  8  9 10 11 12 13 14 15 |
---------------+----------------------------------------------+-----
Stealth        | 1 2 3 4 5 6 8 10 12 14 15 | 15.0
Fighting       | 2 3 4 5 6 7 9 10 11 | 11.7
Short Blades   | 3 4 5 6 7 9 10 11 | 11.1
Dodging        | 3 4 5 6 7 9 10 | 10.6
Shields        | 1 3 4 5 6 8 9 |  9.7
Hexes          | 5 8 10 11 13 | 13.0
Summonings     | 4 5 7 8 |  8.4
Air Magic      | 4 5 7 8 |  8.4
Armour         | 1 5 7 8 |  8.8
Evocations     | 4 5 |  5.0
Throwing       | |  0.7
Spellcasting   | |  2.0
Translocations | |  2.4

Action                   |  1- 3 |  4- 6 |  7- 9 | 10-12 | 13-15 || total
-------------------------+-------+-------+-------+-------+-------++-------
Melee: Short sword       |    11 |       |       |       |       ||    11
       Whip              |    60 |    29 |       |       |       ||    89
       Bite              |     5 |    17 |    70 |   140 |   297 ||   529
       Dagger            |       |   143 |   472 |  1423 |  1460 ||  3498
       Rapier            |       |       |   159 |       |  1180 ||  1339
 Cast: Ensorcelled Hiber |       |       |       |    10 |   111 ||   121
       Confusing Touch   |       |       |       |    14 |    55 ||    69
       Summon Lightning  |       |       |       |       |     2 ||     2
       Blink             |       |       |       |       |     3 ||     3
Invok: Lunge             |       |       |    14 |    55 |   128 ||   197
       Whirlwind         |       |       |     1 |    67 |   350 ||   418
       Serpent's Lash    |       |       |       |     2 |    12 ||    14
       Heavenly Storm    |       |       |       |       |     1 ||     1
Evoke: Wand              |       |       |       |    24 |     3 ||    27
  Use: Scroll            |       |     1 |    16 |     8 |    14 ||    39
       Potion            |       |       |       |    12 |     1 ||    13
 Stab: Sleeping          |     2 |     3 |    14 |    32 |   106 ||   157
       Distracted        |       |     1 |     1 |     2 |    10 ||    14
       Confused          |       |       |       |    14 |    55 ||    69
Armor: Leather armour    |    19 |    46 |    67 |    45 |       ||   177
       Skin              |       |       |       |   108 |       ||   108
       Steam dragon scal |       |       |       |   127 |   122 ||   249
       Troll leather arm |       |       |       |     9 |    72 ||    81
       Animal skin       |       |       |       |       |    65 ||    65
Dodge: Dodged            |    54 |   113 |   236 |   742 |  1037 ||  2182
Block: Buckler           |       |       |    83 |   211 |       ||   294
       Shield            |       |       |       |    99 |   857 ||   956
